cohdb
Replays
Latest Replays
All Replays
Popular Replays
Top Player Replays
Match Explorer
How It Works
Community
CoH3 Stats
Reddit
Sign in to upload your games and track your stats! →
Sign in with Steam
Match 41327029
Unlisted
Match 41327029
Overview
Messages
Build Orders
End
Vickers Machine Gun Team
Construct Section Command Post
Dingo Light Scout Car
Selects Canadian Shock Battlegroup
Infantry Section
Infantry Section
Royal Engineer Section
Selects Attacking Spirit
Selects Canadian Shock Section
Construct Platoon Command Post
Unlock M3 Stuart Light Tanks
M3 Stuart Light Tank
Construct Field Infirmary
Canadian Shock Section
Selects Incendiary Munitions
Selects Pyrotechnics
Royal Engineer Section
6-pounder Anti-tank Gun Team
Construct Company Command Post
AI Takeover
MZMZ
jimmy82lao
jerjawe
JollyRoger
HOLIVE
DreAm
0
0
Comments
sign in to comment!
No comments posted yet!